 Dungeon Crawl Stone Soup version 0.27-a0-277-g024f7ef292 (webtiles) character file.

Game seed: 8205785452970763465

8467 Borgoz the Fighter (level 11, -22/72 HPs)
             Began as a Gargoyle Berserker on Feb 6, 2021.
             Was a High Priest of Trog.
             Annihilated by a boulder beetle (33 damage)
             ... on level 9 of the Dungeon.
             The game lasted 00:16:06 (11224 turns).

Borgoz the Fighter (Gargoyle Berserker)            Turns: 11224, Time: 00:16:07

Health: -22/72     AC: 26    Str: 20    XL:     11   Next: 31%
Magic:  11/11      EV: 29    Int:  9    God:    Trog [*****.]
Gold:   483        SH:  0    Dex: 12    Spells: 10/10 levels left

rFire    . . .     SeeInvis +   a - +2 dire flail (protect)
rCold    . . .     Faith    .   (shield currently unavailable)
rNeg     + . .     Spirit   .   w - +0 ring mail (curse)
rPois    ∞         Reflect  .   (no helmet)
rElec    +         Harm     .   (no cloak)
rCorr    .         Rampage  .   q - +1 pair of gloves
Will     ++...                  D - +0 pair of boots
Stlth    +.........             m - amulet of the acrobat
HPRegen  1.22/turn              t - ring of see invisible
MPRegen  0.12/turn              (no ring)

@: mighty, protection aura, acrobat, regenerating
A: negative energy resistance 1, electricity resistance, unbreathing,
petrification resistance, miasma immunity, AC +8
a: Renounce Religion, Berserk, Trog's Hand, Brothers in Arms


You were on level 9 of the Dungeon.
You worshipped Trog.
Trog was extremely pleased with you.
You visited 2 branches of the dungeon, and saw 10 of its levels.
You also visited: Sewer.

You collected 483 gold pieces.

Inventory:

Hand Weapons
 a - a +2 dire flail of protection (weapon)
Missiles
 A - 2 throwing nets
Armour
 q - a +1 pair of gloves (worn)
 w - a cursed +0 ring mail (worn)
 D - a +0 pair of boots (worn)
Jewellery
 g - an uncursed ring of fire
 m - an amulet of the acrobat (around neck)
 t - a ring of see invisible (left hand)
Wands
 z - a wand of acid (18)
Scrolls
 d - 3 scrolls of amnesia {unknown}
 e - 8 scrolls of teleportation
 h - 5 scrolls of immolation {unknown}
 i - 3 scrolls of magic mapping
 k - 2 scrolls of enchant armour
 l - 2 scrolls of enchant weapon
 n - 11 scrolls of remove curse
 o - 5 scrolls of fear
 p - a scroll of noise {unknown}
 r - 3 scrolls of blinking {unknown}
 v - 2 scrolls of torment {unknown}
 y - a scroll of random uselessness {unknown}
Potions
 b - a potion of flight
 c - 2 potions of might
 f - 5 potions of heal wounds
 j - a potion of ambrosia {unknown}
 s - 5 potions of curing
 u - 2 potions of magic
 x - 2 potions of attraction {unknown}
 B - a potion of brilliance {unknown}
 C - a potion of berserk rage {unknown}


   Skills:
 + Level 10.0 Fighting
 + Level 9.2 Maces & Flails
 + Level 9.7 Armour
 + Level 7.5 Dodging


You had 10 spell levels left.
You didn't know any spells.
Your spell library was empty.

Dungeon Overview and Level Annotations

Branches:
Dungeon (9/15)             Temple (1/1) D:6           Sewer (visited)
   Lair: D:8-11         Orc: D:9-12

Altars:
Ashenzari
Cheibriados
Dithmenos
Elyvilon
Fedhas
Gozag
Hepliaklqana
Kikubaaqudgha
Makhleb
Nemelex Xobeh
Okawaru
Qazlal
Ru
Sif Muna
Trog
Uskayaw
Vehumet
Wu Jian
Xom
Yredelemnul
Zin
The Shining One

Shops:
D:5 =

Portals:
Abyss: D:3

Annotations:
D:3 2 transporters, PeterLawrence's ghost, amateur GrFi
D:9 1 runed translucent door


Innate Abilities, Weirdness & Mutations

You are resistant to torment.
Your stone body is resilient. (AC +8)
You are immune to poison.
You resist negative energy. (rN+)
You are resistant to electric shocks. (rElec)
You can survive without breathing.
You are immune to petrification.
You are immune to miasma.


Message History

The troll closely misses you.
You hit the troll.
The troll is severely wounded.
The troll closely misses you. x2; The troll misses you.
You impale the troll!!
You kill the troll!
Trog accepts your kill.
You hit the boulder beetle.
The boulder beetle is lightly wounded.
The boulder beetle bites you.
* * * LOW HITPOINT WARNING * * *
You hit the boulder beetle.
The boulder beetle is lightly wounded.
The boulder beetle misses you.
You hit the boulder beetle but do no damage.
The boulder beetle curls into a ball and begins rolling!
Things that are here:
a +0 flail; a +0 dagger; a +0 robe The boulder beetle hits you!!
You die...

...####.# ..####....#...#....##.#
...#....# ...####..#)#....####.#
...#....######..####..)..####..##
...#....##...#....###.(####.#.###
...#....##.#.#......#####...#..##
...####.##.#.#....##.##...#.##.##
#######.##.###..#####...###..#.##
........##....####○o###...##.#.##
........##..####@B##°####.#..#.##
.#####..#.####..###o#o.####....##
.#......#.##..###...#.## ###..##
.#......##....+.....#.#.# #####
.#.###..####..###...#C###. #
##......# ###..###$#T. ... #
#####..# ###..###.## ....####
#..'..# ###..#B#. .###... #..#>.#
####.## ###...##


You could see a boulder beetle and an orc warrior.

Vanquished Creatures
  2 centaur warriors (D:9)
  An ugly thing (D:9)
  2 cyclopes
  A gargoyle (D:9)
  A troll (D:9)
  Sigmund (D:6)
  A vampire (D:9)
  5 yaks (D:9)
  Eustachio (D:4)
  Edmund (D:4)
  An orc warrior (D:9)
  5 ice beasts
  2 black bears
  2 necrophages
  6 ogres
  3 centaurs
  A phantom (D:7)
  4 big kobolds (Sewer)
  A gnoll sergeant (D:9)
  4 bullfrogs
  3 howler monkeys
  An electric eel (D:6)
  2 centaur zombies
  10 orc priests
  A centaur skeleton (D:9)
  4 hounds
  3 jellies
  2 bullfrog skeletons
  5 iguanas
  8 orc wizards
  Natasha (thrice) (D:4)
  9 worker ants
  2 hound skeletons
  A worker ant zombie (D:9)
  11 gnolls
  9 adders
  3 river rats
  2 shadow imps
  3 white imps
  An ufetubus (D:9)
  An ooze (Sewer)
  An adder zombie (D:6)
  4 adder skeletons
  7 worms
  10 dart slugs (D:6)
  6 leopard geckos
  31 orcs
  4 giant cockroaches
  7 goblins
  6 hobgoblins
  20 jackals
  3 quokkas
  7 ball pythons
  6 bats
  5 frilled lizards
  10 kobolds
  A leopard gecko zombie (D:5)
  12 rats
269 creatures vanquished.

Vanquished Creatures (others)
  A dart slug (D:6)
1 creature vanquished.

Grand Total: 270 creatures vanquished

Notes
Turn   | Place    | Note
-------+----------+-------------------------------------------
     0 | D:1      | Borgoz the Gargoyle Berserker began the quest for the Orb.
     0 | D:1      | Reached XP level 1. HP: 14/14 MP: 1/1
   298 | D:1      | Reached XP level 2. HP: 19/19 MP: 2/2
  1090 | D:2      | Reached XP level 3. HP: 23/23 MP: 3/3
  1335 | D:2      | Reached ** piety under Trog
  1872 | D:2      | Reached XP level 4. HP: 27/29 MP: 4/4
  2326 | D:3      | Reached skill level 4 in Fighting
  2491 | D:3      | Reached XP level 5. HP: 33/33 MP: 5/5
  2713 | D:3      | Noticed an ogre
  2721 | D:3      | Killed an ogre
  2722 | D:3      | Reached XP level 6. HP: 9/39 MP: 6/6
  3069 | D:3      | Found a transporter.
  3109 | D:3      | Reached *** piety under Trog
  3422 | D:3      | Found a transporter.
  3477 | D:3      | Identified the +3 whip "Tuojij" {distort, rElec}
  3480 | D:3      | Found a one-way gate to the infinite horrors of the Abyss.
  3486 | D:3      | Noticed PeterLawrence's ghost (amateur GrFi)
  3576 | D:3      | Found a faded altar of an unknown god.
  3639 | D:4      | Noticed Eustachio
  3722 | D:4      | Noticed Natasha
  3797 | D:4      | Killed Natasha
  3815 | D:4      | Reached skill level 5 in Fighting
  3859 | D:4      | Reached XP level 7. HP: 32/44 MP: 7/7
  3877 | D:4      | Found a glowing drain.
  3881 | Sewer    | Entered a sewer
  4450 | Sewer    | Reached skill level 5 in Maces & Flails
  4450 | Sewer    | Reached skill level 5 in Armour
  4481 | D:4      | Killed Eustachio
  4481 | D:4      | Reached **** piety under Trog
  4482 | D:4      | Reached XP level 8. HP: 51/51 MP: 8/8
  4579 | D:4      | Noticed Natasha
  4594 | D:4      | Killed Natasha
  4702 | D:4      | You fall into a shaft and drop 3 floors!
  4791 | D:7      | Reached skill level 6 in Fighting
  5720 | D:6      | HP: 3/78 [orc priest/divine providence (14)]
  6000 | D:6      | Noticed Sigmund
  6011 | D:6      | Killed Sigmund
  6012 | D:6      | Reached skill level 7 in Fighting
  6012 | D:6      | Reached XP level 9. HP: 57/57 MP: 9/9
  6064 | D:5      | Entered Level 5 of the Dungeon
  6069 | D:5      | Found a shimmering altar of Xom.
  6130 | D:5      | Reached skill level 5 in Dodging
  6440 | D:5      | Found Noikk's Jewellery Shoppe.
  6855 | D:6      | Found a staircase to the Ecumenical Temple.
  6877 | Temple   | Entered the Ecumenical Temple
  8020 | D:4      | Found a snail-covered altar of Cheibriados.
  8056 | D:4      | Noticed Edmund
  8095 | D:4      | Killed Edmund
  8253 | D:4      | Noticed Natasha
  8263 | D:4      | Killed Natasha
  8545 | D:7      | Reached ***** piety under Trog
  9099 | D:8      | Reached skill level 8 in Fighting
  9569 | D:8      | Reached XP level 10. HP: 64/64 MP: 10/10
  9719 | D:8      | Noticed a cyclops
  9729 | D:8      | Killed a cyclops
 10699 | D:9      | Reached skill level 9 in Fighting
 10945 | D:9      | Noticed a gargoyle
 10954 | D:9      | Killed a gargoyle
 11018 | D:9      | Noticed a white ugly thing
 11027 | D:9      | Killed a white ugly thing
 11106 | D:9      | Found a runed translucent door.
 11135 | D:9      | Noticed a centaur warrior
 11148 | D:9      | Reached XP level 11. HP: 49/71 MP: 11/11
 11149 | D:9      | Noticed a centaur warrior
 11160 | D:9      | Killed a centaur warrior
 11170 | D:9      | Killed a centaur warrior
 11188 | D:9      | Noticed a cyclops
 11191 | D:9      | Noticed a boulder beetle
 11208 | D:9      | Killed a cyclops
 11209 | D:9      | Reached skill level 10 in Fighting
 11224 | D:9      | Annihilated by a boulder beetle

Illustrated notes

Levels and vault maps discovered:
D:1:      doesnt_arrival_eight_statues, layout_loops_ring, minmay_statues_item
D:2:      layout_basic, amcnicky_mini_pool_small, chequers_serial_rivers_marsh
D:3:      layout_loops_ring, chequers_ecumenical_altar_twisty,
          gammafunk_ghost_abyssal_escape, kennysheep_generic_room_6
D:4:      layout_cave_pools, marbit_many_paths, gup_sewer_entry_spiral,
          uniq_eustachio, uniq_edmund, uniq_natasha
D:5:      layout_basic, serial_shops, shop, basic_altar
D:6:      kennysheep_slugbush, layout_basic, minmay_temple_entry_crystal_x,
          uniq_sigmund
D:7:      layout_loops_corners
D:8:      layout_loops_corners, nicolae_benzene_ring, kb_rosetta
D:9:      minmay_the_grid_triangle_9x9_rhombus_full
          [minmay_the_grid_triangle_9x9_pentomino_pain,
          minmay_the_grid_triangle_9x9_intruding_spiral,
          minmay_the_grid_triangle_9x9_dagger,
          minmay_the_grid_triangle_9x9_negative_grid,
          minmay_the_grid_triangle_9x9_corrupted_corridor,
          minmay_the_grid_triangle_9x9_warning,
          minmay_the_grid_triangle_9x9_subtriangle,
          minmay_the_grid_triangle_9x9_prize_center], layout_stronghold
Temple:   compressed_dpeg_circular_temple

Skill      XL: |  1  2  3  4  5  6  7  8  9 10 11 |
---------------+----------------------------------+-----
Dodging        | 2 3 4 5 7 |  7.5
Armour         | 3 4 5 6 7 9 |  9.7
Fighting       | 4 5 7 8 9 10 | 10.0
Maces & Flails | 4 5 6 7 8 9 |  9.2

Action                   |  1- 3 |  4- 6 |  7- 9 | 10-12 || total
-------------------------+-------+-------+-------+-------++-------
Melee: Mace              |   116 |   252 |   320 |       ||   688
       Dire flail        |       |       |   237 |   228 ||   465
       Flail             |       |       |    58 |       ||    58
Invok: Berserk           |     1 |     6 |     9 |     6 ||    22
       Trog's Hand       |       |     4 |       |     2 ||     6
  Use: Scroll            |       |     7 |     6 |       ||    13
       Potion            |       |       |     1 |     1 ||     2
Armor: Animal skin       |    66 |   134 |   101 |       ||   301
       Ring mail         |       |       |   104 |    94 ||   198
Dodge: Dodged            |    80 |   296 |   399 |   185 ||   960

Table legend: (Time is in decaauts)
 A = Elapsed time spent in this place.
 B = Non-inter-level travel time spent in this place.
 C = Inter-level travel time spent in this place.
 D = Time resting spent in this place.
 E = Time spent auto-exploring this place.
 F = Levels seen in this place.
 G = Mean time per level.
                   A        B        C        D        E       F      G
               +--------+--------+--------+--------+--------+-----+--------+
         Total |  11631 |  11192 |    439 |   1838 |   6734 |  11 | 1057.4 |
       Dungeon |  10828 |  10428 |    400 |   1788 |   6336 |   9 | 1203.1 |
        Temple |    132 |     93 |     39 |      0 |     92 |   1 |  132.0 |
         Sewer |    670 |    670 |      0 |     50 |    306 |   1 |  670.0 |
               +--------+--------+--------+--------+--------+-----+--------+

Top non-repeatable levels by time:
     D:7: 1578 daAuts
     D:3: 1489 daAuts
     D:6: 1449 daAuts
     D:8: 1300 daAuts
     D:2: 1297 daAuts
     D:4: 1038 daAuts
     D:1: 973 daAuts
     D:9: 910 daAuts
     D:5: 790 daAuts
   Sewer: 670 daAuts
  Temple: 132 daAuts
